cohdb
Replays
Latest Replays
All Replays
Popular Replays
Top Player Replays
Match Explorer
How It Works
Community
CoH3 Stats
Reddit
Sign in to upload your games and track your stats! →
Sign in with Steam
Match 45259099
Unlisted
Match 45259099
Overview
Messages
Build Orders
End
Pioneer Squad
Selects Luftwaffe Battlegroup
Selects Luftwaffe Pioneer Support
Fallschirmpioneer Squad Paradrop
Construct Infanterie Kompanie
MG 42 Machine Gun Team
MG 42 Machine Gun Team
Construct Luftwaffe Kompanie
Jäger Squad
Demi
panzerhenk
Esxile
Ra11
0
0
Comments
sign in to comment!
No comments posted yet!